AoeStats
← FiveCarp4837322

Arena

510684940Analyzed
4v4 RM · 1d ago on Oct 2, 2026· 41m 40s· 8 players
Game mode
Random Map
Map size
Large (8 player)
Population
200
Speed
Normal
Resources
Standard
Victory
Conquest
Starting age
Dark Age
Ending age
Imperial Age
RankedLock teamsTeams togetherTeam positionsShared explorationLock speedFull tech treeHidden civsTurbo modeCheats
Victory
Defeat
🇲🇽 Magyars · Mexico
1086
+13
1084
+13
🇲🇽 Burgundians · Mexico
1045
+14
🇺🇸 Jurchens · United States
970
+17
🇺🇸 Portuguese · United States
1083
-48
🇨🇳 Goths · China
1001
-14
🇺🇸 Japanese · United States
992
-14
🇺🇸 Mongols · United States
955
-12
kaiju
5:19 Loom
10:34 Feudal Age
11:08 Double-Bit Axe
18:09 Castle Age
16:04 Horse Collar
16:29 Stone Mining
18:03 Gold Mining
19:35 Wheelbarrow
19:11 Bow Saw
19:04 Heavy Plow
25:26 Gold Shaft Mining
26:15 Bloodlines
27:33 Light Cavalry
28:14 Husbandry
31:33 Stone Shaft Mining
33:36 Imperial Age
31:18 Fletching
31:38 Forging
32:17 Hand Cart
32:40 Bodkin Arrow
33:21 Iron Casting
34:45 Elite Mangudai
Rywendyre
10:34 Feudal Age
11:24 Horse Collar
14:55 Double-Bit Axe
17:47 Castle Age
17:24 Loom
18:39 Pikeman
20:39 Squires
20:39 Gold Mining
21:02 Man-at-Arms
22:41 Bow Saw
22:34 Heavy Plow
25:06 Stone Mining
28:06 Long Swordsman
30:17 Wheelbarrow
35:33 Imperial Age
33:40 Forging
33:31 Scale Mail Armor
35:29 Iron Casting
35:10 Chain Mail Armor
35:38 Halberdier
37:38 Chemistry
38:12 Conscription
Jumpemonkey
9:05 Loom
11:05 Feudal Age
13:04 Loom
15:39 Castle Age
14:22 Double-Bit Axe
14:20 Horse Collar
18:50 Bow Saw
29:24 Imperial Age
27:23 Pikeman
29:57 Wheelbarrow
30:05 Halberdier
31:31 Scale Mail Armor
33:06 Parthian Tactics
32:37 Fletching
32:48 Padded Archer Armor
33:56 Squires
33:41 Arson
35:08 Thumb Ring
35:30 Bloodlines
36:10 Ballistics
36:59 Chemistry
37:30 Bodkin Arrow
37:48 Forging
40:00 Bracer
FiveCarp4837322
11:33 Feudal Age
12:37 Loom
15:21 Castle Age
15:35 Horse Collar
19:07 Double-Bit Axe
29:11 Heavy Plow
31:55 Wheelbarrow
31:07 Town Watch
32:38 Town Patrol
33:15 Hand Cart
36:56 Imperial Age
39:24 Chemistry
38:44 Ballistics
40:30 Padded Archer Armor
40:20 Fletching
41:42 Leather Archer Armor
41:22 Bodkin Arrow
41:50 Conscription
41:34 Arquebus
dantealhz
0:36 Loom
11:37 Feudal Age
16:03 Castle Age
14:04 Double-Bit Axe
14:09 Horse Collar
18:00 Fervor
21:20 Town Watch
22:15 Wheelbarrow
25:05 Hand Cart
25:04 Bow Saw
25:13 Heavy Plow
25:08 Gold Mining
25:55 Stone Mining
31:06 Imperial Age
29:15 Gold Shaft Mining
30:40 Scale Barding Armor
30:27 Fletching
31:41 Sanctity
32:20 Chain Barding Armor
31:57 Bodkin Arrow
32:06 Husbandry
32:17 Bloodlines
32:33 Conscription
32:14 Corvinian Army
32:51 Hoardings
34:03 Plate Barding Armor
32:51 Light Cavalry
33:01 Elite Magyar Huszar
34:45 Chemistry
33:52 Siege Engineers
34:07 Ballistics
34:58 Heavy Scorpion
38:48 Elite Magyar Huszar
41:04 Two-Man Saw
40:36 Crop Rotation
40:30 Hussar
41:06 Cavalier
sengfan
10:16 Feudal Age
14:49 Castle Age
12:44 Double-Bit Axe
17:05 Bow Saw
20:31 Horse Collar
24:38 Wheelbarrow
26:37 Gold Mining
27:53 Hand Cart
28:39 Gold Shaft Mining
31:14 Imperial Age
29:29 Forging
29:25 Scale Barding Armor
29:32 Bloodlines
29:23 Husbandry
30:52 Heavy Plow
31:48 Chain Barding Armor
32:04 Iron Casting
33:35 Plate Barding Armor
32:37 Elite Steppe Lancer
36:14 Blast Furnace
aaaaaaa
12:01 Feudal Age
13:26 Loom
13:49 Double-Bit Axe
16:52 Castle Age
16:52 Horse Collar
17:21 Gold Mining
17:23 Stone Mining
17:40 Stone Mining
20:20 Wheelbarrow
21:35 Gold Shaft Mining
24:14 Hand Cart
27:31 Gold Shaft Mining
31:52 Imperial Age
29:27 Cavalier
30:36 Fortified Wall
33:33 Chemistry
33:02 Padded Archer Armor
35:38 Leather Archer Armor
35:30 Scale Barding Armor
35:36 Forging
35:02 Paladin
39:11 Bow Saw
39:02 Heavy Plow
39:40 Gold Shaft Mining
38:56 Stone Mining
39:50 Scale Mail Armor
40:26 Iron Casting
40:12 Chain Barding Armor
40:21 Husbandry
ULIMA | I AM Chris Fernando
12:00 Feudal Age
12:55 Double-Bit Axe
15:53 Castle Age
14:45 Loom
15:35 Wheelbarrow
14:54 Gold Mining
17:52 Town Watch
18:47 Fletching
25:35 Horse Collar
29:09 Scale Mail Armor
31:39 Bow Saw
31:31 Bodkin Arrow
31:48 Heavy Plow
33:14 Crossbowman
34:18 Ballistics
34:58 Thumb Ring
35:35 Hand Cart
35:48 Padded Archer Armor
36:44 Leather Archer Armor
42:12 Imperial Age
Connection lost

Rejoining the realm…

Still unreachable

The connection could not be restored.

Session expired

The server has moved on; the page needs a fresh start.